 Dungeon Crawl Stone Soup version 0.23-a0-494-g91793a9 (webtiles) character file.

21 zishaf the Insei (level 2, -1/14 HPs)
             Began as a Vine Stalker Transmuter on Dec 4, 2018.
             Slain by a giant cockroach (2 damage)
             ... on level 1 of the Dungeon.
             The game lasted 00:01:08 (544 turns).

zishaf the Insei (Vine Stalker Transmuter)           Turns: 544, Time: 00:01:08

Health: -1/14      AC:  2    Str: 12    XL:     2   Next: 83%
Magic:  0/6        EV: 12    Int: 13    God:
Gold:   29         SH:  0    Dex: 14    Spells: 2/5 levels left

rFire    . . .     SeeInvis .     - Unarmed
rCold    . . .     Gourm    .   (no shield)
rNeg     . . .     Faith    .   b - +0 robe
rPois    .         Spirit   +   (no helmet)
rElec    .         Reflect  .   (no cloak)
rCorr    .         Harm     .   (no gloves)
MR       .....                  (no boots)
Stlth    +.........             (no amulet)
HPRegen  0.04/turn              (no ring)
MPRegen  0.10/turn              (no ring)

@: no status effects
A: fangs 2, magic shield, antimagic bite, no potion heal 3, rot immunity
a: no special abilities


You were on level 1 of the Dungeon.
You were not hungry.

You visited 1 branch of the dungeon, and saw 1 of its levels.

You collected 29 gold pieces.

Inventory:

Hand Weapons
 h - a +0 hunting sling
Missiles
 a - 12 arrows
Armour
 b - a +0 robe (worn)
Scrolls
 e - a scroll of remove curse {unknown}
 f - a scroll of enchant weapon {unknown}
 g - a scroll of random uselessness {unknown}
Potions
 c - a potion of ambrosia {unknown}
Comestibles
 d - 2 rations
 i - 4 chunks of flesh


   Skills:
 * Level 1.6 Fighting
 + Level 1.8 Dodging
 + Level 3.2 Unarmed Combat
 - Level 2.1 Spellcasting
 + Level 2.2 Transmutations


You had 2 spell levels left.
You knew the following spells:

 Your Spells              Type           Power        Failure   Level  Hunger
a - Beastly Appendage     Tmut           #.....       10%         1    ##.....
b - Sticks to Snakes      Tmut           #.......     14%         2    ###....

Your spell library contained the following spells:

 Spells                   Type           Power        Failure   Level  Hunger
 Spider Form              Tmut/Pois      #.........   43%         3    ####...
 Ice Form                 Ice/Tmut       #.......     83%         4    #####..
 Blade Hands              Tmut           #.........   95%         5    ######.


Dungeon Overview and Level Annotations

Branches:
Dungeon (1/15)

Altars:


Innate Abilities, Weirdness & Mutations

You have extremely sharp teeth.
When hurt, damage is shared between your health and your magic reserves.
Your bite disrupts and absorbs the magic of your enemies.
Potions cannot restore your health.
You are immune to rotting.


Message History

The rat closely misses you.
You barely miss the jackal. You bite the jackal.
You kill the jackal!
The giant cockroach bites you. The rat bites you.
* * * LOW HITPOINT WARNING * * *
You hit the giant cockroach but do no damage.
The giant cockroach is heavily wounded.
The jackal completely misses you. The giant cockroach bites you.
* * * LOW HITPOINT WARNING * * *
The rat bites you.
* * * LOW HITPOINT WARNING * * *
You closely miss the giant cockroach.
The giant cockroach is moderately wounded.
The jackal bites you but does no damage.
The giant cockroach bites you but does no damage.
The jackal bites you.
You hit the giant cockroach but do no damage.
The giant cockroach is moderately wounded.
The giant cockroach bites you.
You die...

#.....# #....#
#.....# ###'###
#####.# #≈≈≈≈≈#
#.# #≈≈≈≈≈# .#
#≈≈≈≈≈# # .#
#≈≈≈≈≈# # ###'###
##.## .
#.#.....####......
.# #........s@hh#
.........##r##$#
.........#...# w.
...............
...
......#..#....##
.##
.......#.##..## ..
............# #
.........##..


You could see a dart slug, 2 jackals, a giant cockroach and a rat.

Vanquished Creatures
  A leopard gecko (D:1)
  2 bats (D:1)
  3 giant cockroaches (D:1)
  2 hobgoblins (D:1)
  5 jackals (D:1)
  A frilled lizard (D:1)
  A goblin (D:1)
  A rat (D:1)
16 creatures vanquished.

Notes
Turn   | Place    | Note
-------+----------+-------------------------------------------
     0 | D:1      | zishaf the Vine Stalker Transmuter began the quest for the
                  | Orb.
     0 | D:1      | Reached XP level 1. HP: 9/9 MP: 4/4
     4 | D:1      | Reached skill level 1 in Fighting
   111 | D:1      | Reached XP level 2. HP: 14/14 MP: 6/6
   221 | D:1      | Learned a level 2 spell: Sticks to Snakes
   544 | D:1      | Slain by a giant cockroach

Vault maps used:
D:1:      roderic_crossed_star, hangedman_decor_clover_reticule,
          chequers_serial_rivers_room_b

Skill      XL: |  1 |
---------------+----+-----
Fighting       | 1 |  1.6
Dodging        | |  1.8
Unarmed Combat | |  3.2
Spellcasting   | |  2.1
Transmutations | |  2.2

Action                   || total
-------------------------++-------
Melee: Unarmed           ||    58
       Bite              ||    14
       Kick              ||     1
 Cast: Beastly Appendage ||     1
Armor: Robe              ||    15
Dodge: Dodged            ||    42

Table legend:
 A = Non-vault XP
 B = Vault XP
 C = Vault XP percentage of total XP
 D = Non-vault monster count
 E = Vault monster count
 F = Vault count percentage of total count
                 A         B        C        D         E       F
            +---------+---------+-------+---------+---------+-------
      Total |      30 |       0 |   0.0 |      16 |       0 |   0.0
            +---------+---------+-------+---------+---------+-------
        D:1 |      30 |       0 |   0.0 |      16 |       0 |   0.0
            +---------+---------+-------+---------+---------+-------
